AoeStats
← 他并不是一个笨比

Arena

508205241Analyzed
4v4 RM · 10d ago on Sep 21, 2026· 49m 20s· 8 players
Game mode
Random Map
Map size
Large (8 player)
Population
200
Speed
Normal
Resources
Standard
Victory
Conquest
Starting age
Dark Age
Ending age
Imperial Age
RankedLock teamsTeams togetherTeam positionsShared explorationLock speedFull tech treeHidden civsTurbo modeCheats
Victory
Defeat
🇭🇰 Persians · Hong Kong SAR China
1294
+15
🇭🇰 Romans · Hong Kong SAR China
1267
+16
🇮🇳 Goths · India
1263
+17
🇨🇳 Britons · China
1257
+17
1308
-17
1275
-16
🇹🇼 Maya · Taiwan
1260
-16
🇨🇳 Huns · China
1260
-16
Butcher
3:04 Loom
10:31 Feudal Age
15:25 Castle Age
14:53 Double-Bit Axe
25:24 Scale Mail Armor
26:12 Forging
29:42 Chain Mail Armor
34:56 Wheelbarrow
35:25 Gold Mining
38:55 Imperial Age
36:58 Horse Collar
37:29 Bow Saw
37:59 Iron Casting
38:38 Squires
39:08 Hand Cart
39:44 Anarchy
40:07 Conscription
39:37 Pikeman
41:21 Blast Furnace
40:25 Perfusion
41:33 Heavy Plow
40:57 Elite Huskarl
43:55 Crop Rotation
44:27 Two-Man Saw
44:03 Halberdier
45:27 Stone Mining
AI (HD Version)
10:23 Feudal Age
11:04 Double-Bit Axe
14:42 Castle Age
13:10 Horse Collar
15:37 Bow Saw
15:25 Loom
24:17 Wheelbarrow
25:36 Gold Mining
26:25 Heavy Plow
26:46 Hand Cart
30:07 Imperial Age
28:56 Gold Shaft Mining
28:11 Stone Mining
28:38 Scale Mail Armor
28:43 Scale Barding Armor
28:52 Forging
29:20 Bloodlines
29:11 Husbandry
29:59 Chain Barding Armor
29:56 Cavalier
31:41 Iron Casting
32:14 Two-Man Saw
31:46 Crop Rotation
31:26 Pikeman
32:06 Squires
32:08 Scale Mail Armor
32:56 Plate Barding Armor
33:30 Blast Furnace
32:25 Savar
34:07 Scale Mail Armor
35:53 Halberdier
36:49 Chain Mail Armor
36:05 Light Cavalry
39:20 Hussar
42:39 Citadels
42:32 Kamandaran
42:23 Fletching
42:35 Padded Archer Armor
42:17 Crossbowman
43:23 Thumb Ring
44:05 Ballistics
45:25 Bodkin Arrow
45:47 Leather Archer Armor
47:47 Ring Archer Armor
poor guy
10:39 Feudal Age
11:56 Double-Bit Axe
12:24 Horse Collar
14:59 Castle Age
15:53 Bow Saw
15:49 Heavy Plow
18:05 Loom
22:33 Gold Mining
25:25 Wheelbarrow
24:51 Pikeman
25:33 Squires
27:17 Hand Cart
31:26 Imperial Age
30:53 Scale Mail Armor
31:04 Forging
31:00 Ballistas
31:39 Heavy Scorpion
33:24 Chemistry
32:30 Siege Engineers
32:49 Conscription
31:51 Halberdier
34:13 Gold Shaft Mining
33:29 Stone Mining
34:18 Chain Mail Armor
34:39 Iron Casting
40:08 Blast Furnace
45:09 Capped Ram
47:09 Siege Ram
HY
2:34 Loom
10:41 Feudal Age
14:37 Castle Age
12:25 Double-Bit Axe
13:00 Horse Collar
16:31 Bow Saw
21:07 Wheelbarrow
22:09 Stone Mining
24:04 Hand Cart
23:35 Town Watch
28:40 Imperial Age
27:23 Fletching
27:54 Ballistics
27:40 Padded Archer Armor
27:39 Gold Mining
27:55 Heavy Plow
29:44 Gold Shaft Mining
29:07 Bodkin Arrow
30:42 Chemistry
29:41 Elite Longbowman
31:01 Bracer
31:17 Leather Archer Armor
32:17 Two-Man Saw
33:07 Yeomen
33:59 Conscription
34:02 Warwolf
34:36 Ring Archer Armor
36:26 Siege Engineers
36:02 Treadmill Crane
36:30 Squires
35:50 Pikeman
36:32 Scale Mail Armor
36:42 Forging
37:25 Hoardings
37:27 Halberdier
38:25 Chain Mail Armor
38:46 Iron Casting
39:44 Arson
40:31 Plate Mail Armor
41:35 Masonry
41:20 Murder Holes
42:48 Blast Furnace
41:40 Man-at-Arms
42:05 Gambesons
43:18 Coinage
45:31 Banking
45:13 Guilds
44:26 Long Swordsman
45:56 Guard Tower
45:51 Arrowslits
46:37 Architecture
CavArchers
9:36 Feudal Age
13:15 Castle Age
11:18 Double-Bit Axe
12:08 Horse Collar
14:44 Bow Saw
19:40 Wheelbarrow
20:22 Gold Mining
20:44 Heavy Plow
22:04 Gold Shaft Mining
21:39 Fletching
22:14 Bodkin Arrow
23:05 Padded Archer Armor
24:06 Bloodlines
23:56 Husbandry
26:11 Stone Mining
29:31 Imperial Age
28:08 Thumb Ring
28:30 Loom
29:00 Hand Cart
29:40 Heavy Cavalry Archer
30:46 Parthian Tactics
30:50 Ballistics
30:38 Bracer
32:17 Chemistry
32:36 Padded Archer Armor
32:42 Scale Barding Armor
32:48 Forging
33:34 Parthian Tactics
33:38 Leather Archer Armor
34:46 Chain Barding Armor
34:44 Squires
34:29 Arson
34:05 Pikeman
35:08 Conscription
35:32 Scale Mail Armor
36:09 Iron Casting
36:07 Guilds
35:29 Halberdier
37:42 Masonry
37:27 Murder Holes
38:03 Chain Mail Armor
39:38 Elite Skirmisher
41:37 Blast Furnace
41:58 Two-Man Saw
43:22 Chain Barding Armor
43:21 Marauders
44:18 Light Cavalry
45:36 Plate Barding Armor
46:13 Hussar
47:10 Capped Ram
a506b8123il
0:28 Loom
10:26 Feudal Age
15:20 Castle Age
13:40 Double-Bit Axe
13:53 Horse Collar
16:25 Bow Saw
24:25 Wheelbarrow
23:35 Town Watch
24:11 Heavy Plow
26:05 Hand Cart
26:32 Gold Mining
31:24 Imperial Age
33:14 Hul'che Javelineers
34:10 Elite Skirmisher
36:41 Fletching
36:59 Padded Archer Armor
37:41 Bodkin Arrow
38:04 Leather Archer Armor
39:01 Ballistics
38:54 Guilds
39:35 Bracer
41:03 Ring Archer Armor
41:39 Chemistry
42:14 Crop Rotation
43:58 Two-Man Saw
45:46 Scale Mail Armor
45:57 Forging
46:15 Pikeman
46:56 Man-at-Arms
47:37 Squires
47:56 Chain Mail Armor
47:38 Long Swordsman
48:30 Herbal Medicine
48:28 Two-Handed Swordsman
他并不是一个笨比
11:13 Feudal Age
12:29 Double-Bit Axe
14:52 Castle Age
12:40 Horse Collar
15:59 Bow Saw
20:20 Wheelbarrow
19:54 Heavy Plow
20:38 Stone Mining
22:35 Hand Cart
22:29 Gold Mining
28:22 Imperial Age
25:40 Loom
25:41 Town Watch
26:49 Fletching
26:59 Padded Archer Armor
28:30 Ballistics
28:37 Husbandry
29:11 Scale Barding Armor
29:17 Forging
31:02 Chain Barding Armor
31:18 Iron Casting
33:10 Thumb Ring
32:26 Elite Elephant Archer
32:55 Light Cavalry
34:09 Bodkin Arrow
34:30 Leather Archer Armor
35:05 Conscription
34:52 Medical Corps
35:13 Wootz Steel
36:53 Bracer
37:23 Ring Archer Armor
39:04 Chemistry
42:15 Masonry
45:33 Blast Furnace
48:35 Scale Mail Armor
Gimme pocket or quit
10:02 Feudal Age
14:31 Castle Age
13:56 Double-Bit Axe
15:21 Bow Saw
16:31 Horse Collar
22:08 Wheelbarrow
21:37 Loom
23:56 Town Watch
25:00 Hand Cart
26:48 Heavy Plow
27:53 Gold Mining
30:59 Imperial Age
29:35 Gold Shaft Mining
29:28 Forging
29:31 Bloodlines
29:22 Husbandry
29:29 Scale Barding Armor
31:13 Iron Casting
31:15 Chain Barding Armor
32:28 Conscription
32:15 Hauberk
32:47 Plate Barding Armor
33:21 Blast Furnace
31:50 Cavalier
33:10 Crop Rotation
38:03 Guilds
37:33 Onager
39:41 Light Cavalry
41:14 Siege Engineers
43:16 Pikeman
43:58 Squires
43:44 Arson
44:40 Halberdier
45:22 Scale Mail Armor
46:46 Chain Mail Armor
49:24 Plate Mail Armor
Connection lost

Rejoining the realm…

Still unreachable

The connection could not be restored.

Session expired

The server has moved on; the page needs a fresh start.